[Event "Titled Tuesday Blitz March 15 Early 2022"]
[White "Ansh M Shah"]
[Black "Lou, Yiping"]
[WhiteFideId "25033379"]
[BlackFideId "8603928"]
[WhiteElo "1819"]
[BlackElo "2412"]
[Result "0-1"]
[Round "02"]
[TimeControl "180+1"]
[Date "2022.03.15"]
[WhiteClock "0:00:15"]
[BlackClock "0:01:13"]

1. d4 Nf6 2. c4 e6 3. Nf3 b6 4. g3 Ba6 5. Bg2 Bxc4 6. O-O c6 7. Nc3 Be7 8. Ne5 Ba6 9. e4 Bxf1 10. Qxf1 O-O 11. d5 exd5 12. exd5 Qc7 13. Bf4 Bd6 14. Re1 Nh5 15. Bf3 Nxf4 16. gxf4 f6 17. Nd3 Na6 18. Qg2 Nc5 19. Nxc5 Bxc5 20. dxc6 dxc6 21. Bxc6 Rac8 22. Bd5+ Kh8 23. f5 Rfe8 24. Be6 Rcd8 25. Kh1 Bb4 26. Rg1 Bxc3 27. bxc3 Re7 28. c4 Qe5 29. Qf3 g6 30. Rg4 Kg7 31. Rh4 Rd4 32. Rxd4 Qxd4 33. Qa8 gxf5 34. Qg8+ Kh6 35. Bxf5 Qd1+ 36. Kg2 Rg7+ 37. Qxg7+ Kxg7 38. Bg4 Qxg4+ 0-1


[Site "https://www.chess.com"]

[Event "Titled Tuesday Blitz March 15 Early 2022"]
[White "Arabidze, Meri"]
[Black "Esipenko, Andrey"]
[WhiteFideId "13604040"]
[BlackFideId "24175439"]
[WhiteElo "2335"]
[BlackElo "2617"]
[Result "0-1"]
[Round "02"]
[TimeControl "180+1"]
[Date "2022.03.15"]
[WhiteClock "0:00:03"]
[BlackClock "0:00:46"]

1. Nf3 d5 2. d4 Nf6 3. c4 c6 4. Nbd2 Bf5 5. e3 h6 6. Be2 e6 7. O-O a5 8. Ne5 a4 9. c5 b6 10. b4 axb3 11. Nxb3 bxc5 12. Nxc5 Bxc5 13. dxc5 O-O 14. Bb2 Nfd7 15. a4 Qc7 16. Qd4 f6 17. Nxd7 Nxd7 18. Bg4 e5 19. Qd1 Bxg4 20. Qxg4 Nxc5 21. Ba3 Rxa4 22. Qxa4 Nxa4 23. Bxf8 Kxf8 24. Rxa4 Kf7 25. Rc1 c5 26. e4 dxe4 27. Rxe4 Ke6 28. Rec4 Kd5 29. h4 f5 30. h5 e4 31. R4c3 Qa5 32. g3 Qb4 33. Kg2 c4 34. R3c2 Kc5 35. Kh3 Kd4 36. Kg2 Kd3 37. Kf1 c3 38. Ke1 Qb3 39. Kd1 Qa4 0-1


[Site "https://www.chess.com"]

[Event "Titled Tuesday Blitz March 15 Early 2022"]
[White "Araujo Filho, Luiz Antonio Coel"]
[Black "Tari, Aryan"]
[WhiteFideId "2130661"]
[BlackFideId "1510045"]
[WhiteElo "2182"]
[BlackElo "2567"]
[Result "0-1"]
[Round "02"]
[TimeControl "180+1"]
[Date "2022.03.15"]
[WhiteClock "0:00:18"]
[BlackClock "0:02:01"]

1. d4 d5 2. Nf3 Nf6 3. e3 g6 4. Be2 Bg7 5. O-O O-O 6. b3 a5 7. a4 c5 8. Bb2 Ne4 9. Nbd2 Nc6 10. c3 Bf5 11. Rc1 Rc8 12. Re1 Nxd2 13. Qxd2 Qb6 14. Qd1 c4 15. Nd2 e5 16. Ba3 exd4 17. exd4 cxb3 18. Qxb3 Qxb3 19. Nxb3 Rfe8 20. Bc5 Bh6 21. Ra1 Bc2 22. Ra3 Bxb3 23. Rxb3 Bd2 0-1


[Site "https://www.chess.com"]

[Event "Titled Tuesday Blitz March 15 Early 2022"]
[White "Aravindh, Chithambaram VR."]
[Black "Khamzin, Olzhas"]
[WhiteFideId "5072786"]
[BlackFideId "13701690"]
[WhiteElo "2561"]
[BlackElo "2194"]
[Result "0-1"]
[Round "02"]
[TimeControl "180+1"]
[Date "2022.03.15"]
[WhiteClock "0:00:00"]
[BlackClock "0:00:14"]

1. b3 Nf6 2. Bb2 g6 3. Bxf6 exf6 4. c4 Bg7 5. Nc3 h5 6. h4 O-O 7. g3 f5 8. Bg2 c6 9. e3 d6 10. Nge2 Nd7 11. d4 Nf6 12. O-O Ng4 13. Nf4 Kh7 14. b4 Re8 15. Qd3 Rb8 16. Rab1 Bh6 17. b5 c5 18. Ncd5 Be6 19. Bf3 Nf6 20. dxc5 dxc5 21. Qa3 Bxd5 22. Nxd5 Nxd5 23. Bxd5 Qc7 24. Kg2 b6 25. Rbd1 Rbd8 26. Bc6 Rf8 27. Qa4 Bg7 28. Rd5 Rxd5 29. cxd5 Be5 30. Rd1 Bd6 31. Rd3 f6 32. Qc2 Rf7 33. Rc3 Re7 34. Rc4 Kg7 35. a4 Qd8 36. Qa2 Bb8 37. Qd2 Qd6 38. Qd3 Kh7 39. Rc2 Kh6 40. Ra2 Re4 41. a5 Bc7 42. axb6 Bxb6 43. Rc2 Re7 44. Rc4 Bc7 45. Qd2 Kg7 46. Ra4 Bb6 47. Qa2 Kh7 48. Qc2 Kh6 49. Rf4 Bc7 50. Qd2 Kg7 51. Rc4 Kh7 52. Qd1 Kh6 53. Qf3 Kg7 54. Ra4 Bb6 55. Rf4 Bc7 56. Rc4 Bb6 57. Kf1 Qe5 58. Kg2 Qd6 59. e4 fxe4 60. Rxe4 Bc7 61. Rxe7+ Qxe7 62. Kf1 Qd6 63. Qe4 Qd8 64. Qe6 Bd6 65. Be8 Qe7 66. Qc8 Qc7 67. Qe6 Qe7 68. Qxe7+ Bxe7 69. Ke2 Bd6 70. Kd3 f5 71. f4 Kf6 72. Kc4 Kg7 73. Kb3 Kf6 74. Kc3 Kg7 75. Kc4 Kf6 76. Kb3 Kg7 77. Ka4 c4 78. Bd7 Kf6 79. Be6 Bc5 80. Bd7 Bf2 81. d6 Bc5 0-1


[Site "https://www.chess.com"]

[Event "Titled Tuesday Blitz March 15 Early 2022"]
[White "Bacrot, Etienne"]
[Black "Baskin, Robert"]
[WhiteFideId "605506"]
[BlackFideId "24662402"]
[WhiteElo "2673"]
[BlackElo "2488"]
[Result "1-0"]
[Round "02"]
[TimeControl "180+1"]
[Date "2022.03.15"]
[WhiteClock "0:01:17"]
[BlackClock "0:00:12"]

1. Nf3 c5 2. c4 Nc6 3. Nc3 Nf6 4. d4 cxd4 5. Nxd4 e6 6. Bf4 d5 7. e3 Bb4 8. Be2 O-O 9. Nxc6 bxc6 10. O-O a5 11. Rc1 Ba6 12. Qc2 Bxc4 13. Bxc4 dxc4 14. Na4 Nd5 15. Qxc4 Nxf4 16. Qxf4 Qd5 17. Qc4 Rad8 18. h3 h6 19. a3 Be7 20. Qxc6 Qxc6 21. Rxc6 Rb8 22. Rd1 Rfd8 23. Rxd8+ Bxd8 24. Kf1 Bf6 25. Rc2 Rb3 26. Ke2 g5 27. Kd2 h5 28. Rc5 Kg7 29. Rxa5 Kg6 30. Kc2 Rb8 31. b4 g4 32. Nc5 Rc8 33. Kd3 Rd8+ 34. Ke2 Bc3 35. Ne4 Bb2 36. hxg4 hxg4 37. Rg5+ Kh6 38. Rxg4 f5 39. Rh4+ Kg6 40. Nc5 e5 41. Nd3 Ba1 42. Rh1 Bc3 43. Rc1 Rc8 44. Nxe5+ 1-0


[Site "https://www.chess.com"]

[Event "Titled Tuesday Blitz March 15 Early 2022"]
[White "Beerdsen, Thomas"]
[Black "Vujnovic, Patricija"]
[WhiteFideId "1030108"]
[BlackFideId "14502313"]
[WhiteElo "2585"]
[BlackElo "2107"]
[Result "1-0"]
[Round "02"]
[TimeControl "180+1"]
[Date "2022.03.15"]
[WhiteClock "0:00:56"]
[BlackClock "0:00:07"]

1. e4 e6 2. d4 d5 3. Bd3 dxe4 4. Bxe4 Nf6 5. Bf3 c5 6. Ne2 Be7 7. O-O O-O 8. Be3 Nbd7 9. Nbc3 cxd4 10. Bxd4 a6 11. a4 Qc7 12. Qd2 Ne5 13. Bxe5 Qxe5 14. Rad1 Rb8 15. Nd4 Bb4 16. Rfe1 Qc7 17. Re3 Bd7 18. Rd3 Bxa4 19. Qg5 h6 20. Qh4 Bxc3 21. Rxc3 Bc6 22. Bxc6 bxc6 23. Rxc6 Qe5 24. b3 a5 25. Rc4 Rfd8 26. h3 Nd5 27. Nc6 Qe2 28. Rdd4 Qe1+ 29. Kh2 Ne3 30. fxe3 1-0


[Site "https://www.chess.com"]

[Event "Titled Tuesday Blitz March 15 Early 2022"]
[White "Bodnaruk, Anastasia"]
[Black "Urazayev, Arystanbek"]
[WhiteFideId "4181751"]
[BlackFideId "13709810"]
[WhiteElo "2393"]
[BlackElo "2393"]
[Result "0-1"]
[Round "02"]
[TimeControl "180+1"]
[Date "2022.03.15"]
[WhiteClock "0:00:06"]
[BlackClock "0:00:14"]

1. e4 c6 2. d4 d5 3. e5 c5 4. c3 Nc6 5. Be2 e6 6. Nf3 Bd7 7. O-O Nge7 8. dxc5 Ng6 9. b4 Ncxe5 10. Nxe5 Nxe5 11. f4 Ng6 12. f5 exf5 13. Qxd5 Qc7 14. Bf3 O-O-O 15. Qb3 Ne5 16. Bf4 f6 17. Nd2 g5 18. Bxe5 fxe5 19. Bd5 Kb8 20. Nf3 Be7 21. Rfe1 Bf6 22. Nd2 Bc8 23. c4 e4 24. Rad1 h5 25. Nf1 h4 26. Qe3 h3 27. g3 Be7 28. g4 Rh4 29. gxf5 Bxf5 30. Ng3 Bg4 31. Rd4 Bf3 32. Bxe4 Bxe4 33. Rxe4 Rxe4 34. Qxe4 Bf6 35. Kh1 a5 36. a3 Rd4 37. Qe8+ Ka7 38. Ne4 Be7 39. Qb5 Qf4 40. Qb6+ Kb8 0-1


[Site "https://www.chess.com"]

[Event "Titled Tuesday Blitz March 15 Early 2022"]
[White "Bogumil, Tatiana"]
[Black "Bettalli, Francesco"]
[WhiteFideId "4110579"]
[BlackFideId "2816453"]
[WhiteElo "1761"]
[BlackElo "2216"]
[Result "0-1"]
[Round "02"]
[TimeControl "180+1"]
[Date "2022.03.15"]
[WhiteClock "0:00:08"]
[BlackClock "0:01:24"]

1. Nf3 c5 2. c4 g6 3. d4 cxd4 4. Nxd4 Nc6 5. Nc3 Nf6 6. e4 d6 7. Be2 Nxd4 8. Qxd4 Bg7 9. O-O O-O 10. Qd1 a5 11. Bg5 a4 12. Qd2 Qa5 13. Bh6 Bxh6 14. Qxh6 a3 15. Qd2 axb2 16. Qxb2 Be6 17. Nd5 Bxd5 18. exd5 b6 19. a4 Nd7 20. Rfb1 Rfb8 21. h4 Nc5 22. h5 Nxa4 23. Qd4 Qc3 24. Rd1 Qxd4 25. Rxd4 Nc3 26. Re1 Ra1 27. Kf1 Rba8 28. Bd3 Rxe1+ 29. Kxe1 Ra2 30. hxg6 hxg6 31. Rf4 Kg7 32. g4 Na4 33. f3 Nc5 34. Be2 g5 35. Rd4 Kf6 36. Rd1 Ke5 37. Rb1 Na4 38. Rb4 Kd4 0-1


[Site "https://www.chess.com"]

[Event "Titled Tuesday Blitz March 15 Early 2022"]
[White "Bok, Benjamin"]
[Black "Skliarov, Viktor"]
[WhiteFideId "1017063"]
[BlackFideId "14106736"]
[WhiteElo "2658"]
[BlackElo "2229"]
[Result "1-0"]
[Round "02"]
[TimeControl "180+1"]
[Date "2022.03.15"]
[WhiteClock "0:00:11"]
[BlackClock "0:00:07"]

1. d4 Nf6 2. c4 e6 3. Nc3 Bb4 4. Qc2 c5 5. dxc5 Na6 6. a3 Bxc3+ 7. Qxc3 Nxc5 8. b4 Na4 9. Qc2 Nb6 10. e3 O-O 11. Bb2 d5 12. c5 Nbd7 13. Nf3 a5 14. Bd3 axb4 15. axb4 Rxa1+ 16. Bxa1 Qc7 17. O-O e5 18. Bf5 Re8 19. Rd1 g6 20. Bh3 d4 21. exd4 e4 22. Ne5 Nxe5 23. dxe5 Bxh3 24. gxh3 Rxe5 25. Bxe5 Qxe5 26. Qd2 Kg7 27. Qe3 Qb2 28. Rd4 h5 29. Kg2 h4 30. Rxe4 Nxe4 31. Qxe4 g5 32. Qxb7 Kg6 33. Qe4+ f5 34. Qe6+ Kg7 35. Qxf5 Qxb4 36. Qxg5+ Kf7 37. Qf5+ Kg7 38. Qg4+ 1-0


[Site "https://www.chess.com"]

[Event "Titled Tuesday Blitz March 15 Early 2022"]
[White "Borodavkin, Anatoly"]
[Black "Oganisian, Roman"]
[WhiteFideId "14150662"]
[BlackFideId "4153006"]
[WhiteElo "1845"]
[BlackElo "2204"]
[Result "0-1"]
[Round "02"]
[TimeControl "180+1"]
[Date "2022.03.15"]
[WhiteClock "0:01:12"]
[BlackClock "0:00:49"]

1. e4 e6 2. d4 d5 3. Nc3 Nf6 4. exd5 exd5 5. Bd3 Nc6 6. Nge2 Bg4 7. f3 Bh5 8. Nf4 Nxd4 9. Nxh5 Nxh5 10. Bxh7 Qh4+ 11. Kf1 Ng3+ 12. Kg1 Nxh1 13. Kxh1 Rxh7 14. h3 O-O-O 15. Be3 Nf5 16. Bxa7 Bd6 17. Qd3 Qf4 18. Kg1 Qh2+ 19. Kf2 Bg3+ 20. Kf1 g6 21. Nxd5 Re8 22. Ne3 Qh1+ 23. Ke2 Qxg2+ 24. Kd1 Qxf3+ 25. Kd2 Rd8 26. Kc3 Rxd3+ 27. cxd3 Nxe3 0-1


[Site "https://www.chess.com"]

[Event "Titled Tuesday Blitz March 15 Early 2022"]
[White "Brunner, Nicolas"]
[Black "P., Komal Kishore"]
[WhiteFideId "620246"]
[BlackFideId "5016703"]
[WhiteElo "2372"]
[BlackElo "2113"]
[Result "1-0"]
[Round "02"]
[TimeControl "180+1"]
[Date "2022.03.15"]
[WhiteClock "0:00:36"]
[BlackClock "0:00:03"]

1. d4 c6 2. c4 d5 3. Nf3 Nf6 4. e3 Bg4 5. Qb3 Qb6 6. Nc3 Bxf3 7. gxf3 Qxb3 8. axb3 e6 9. e4 Be7 10. Rg1 O-O 11. Bh6 Ne8 12. cxd5 exd5 13. exd5 Bf6 14. O-O-O Kh8 15. Bg5 Bxg5+ 16. Rxg5 Nf6 17. Bc4 cxd5 18. Nxd5 Nxd5 19. Bxd5 Nc6 20. Bxc6 Rac8 21. Rc5 Rxc6 22. Rxc6 bxc6 23. Re1 g6 24. Kc2 Kg7 25. Re7 Ra8 26. Rc7 Re8 27. Kd3 Rb8 28. Kc4 Re8 29. Rxc6 Re2 30. d5 Kf8 31. d6 Ke8 32. Rc7 Rxf2 33. Re7+ Kd8 34. Rxf7 Rxh2 35. Rxa7 h5 36. Rg7 Rg2 37. b4 h4 38. b5 h3 39. Rh7 h2 40. b4 Rc2+ 41. Kd5 g5 42. b6 Kc8 43. d7+ Kd8 44. b7 1-0


[Site "https://www.chess.com"]

[Event "Titled Tuesday Blitz March 15 Early 2022"]
[White "Bryakin, Mikhail"]
[Black "Slugin, Sergey"]
[WhiteFideId "4165314"]
[BlackFideId "4122569"]
[WhiteElo "2417"]
[BlackElo "2358"]
[Result "0-1"]
[Round "02"]
[TimeControl "180+1"]
[Date "2022.03.15"]
[WhiteClock "0:01:16"]
[BlackClock "0:00:58"]

1. e4 c5 2. b4 cxb4 3. a3 bxa3 4. d4 g6 5. Bxa3 Bg7 6. Nf3 d6 7. c3 Nf6 8. Nbd2 O-O 9. h4 Qc7 10. Rc1 Bg4 11. Be2 Nbd7 12. Ng5 Bxe2 13. Qxe2 Rac8 14. h5 Qa5 15. hxg6 hxg6 16. e5 Qxa3 17. Rb1 dxe5 18. dxe5 Qxc3 19. exf6 Qc1+ 20. Rxc1 Rxc1+ 21. Qd1 Rxd1+ 22. Kxd1 Nxf6 23. Ke2 Nd5 24. g3 a5 25. Nc4 a4 26. Na3 Nc3+ 27. Kd3 b5 28. Nc2 Rd8+ 29. Ke3 Nd5+ 30. Ke2 b4 31. Ne4 a3 32. Nd2 a2 33. Nb3 Nc3+ 34. Ke3 Rc8 35. Kd3 Nd5 36. Nca1 Bxa1 37. Nxa1 Rc3+ 38. Kd4 b3 39. Nxb3 Rxb3 40. Ra1 Nb4 0-1


[Site "https://www.chess.com"]

[Event "Titled Tuesday Blitz March 15 Early 2022"]
[White "Budrewicz, Krzysztof"]
[Black "Xie, Bryan"]
[WhiteFideId "1127950"]
[BlackFideId "30941296"]
[WhiteElo "2248"]
[BlackElo "1899"]
[Result "0-1"]
[Round "02"]
[TimeControl "180+1"]
[Date "2022.03.15"]
[WhiteClock "0:01:07"]
[BlackClock "0:00:37"]

1. d4 Nf6 2. c4 e6 3. Nf3 b6 4. g3 Bb7 5. Bg2 Be7 6. O-O O-O 7. d5 exd5 8. Nh4 c6 9. cxd5 Nxd5 10. Nf5 Bf6 11. e4 Nc7 12. Nc3 d5 13. Bf4 d4 14. Ne2 c5 15. Nd6 Bc6 16. Re1 g5 17. e5 gxf4 18. gxf4 Bxg2 19. Kxg2 Kh8 20. Ng3 Ne6 21. Qf3 Na6 22. Nb7 Qd5 23. exf6 Nxf4+ 0-1


[Site "https://www.chess.com"]

[Event "Titled Tuesday Blitz March 15 Early 2022"]
[White "Buscar, Michael"]
[Black "Maksimovic, Bojan"]
[WhiteFideId "2603616"]
[BlackFideId "14408120"]
[WhiteElo "2010"]
[BlackElo "2448"]
[Result "0-1"]
[Round "02"]
[TimeControl "180+1"]
[Date "2022.03.15"]
[WhiteClock "0:01:12"]
[BlackClock "0:00:55"]

1. c4 g6 2. Nf3 Bg7 3. g3 d6 4. Bg2 e5 5. O-O Nf6 6. d3 O-O 7. Nc3 Nc6 8. Rb1 Be6 9. b4 Qd7 10. b5 Nd8 11. a4 Bh3 12. Nd5 Bxg2 13. Kxg2 Ne6 14. Ne1 Nh5 15. Nc2 f5 16. e4 f4 17. f3 fxg3 18. hxg3 Rf7 19. Be3 c6 20. Nc3 Raf8 21. Rf2 Bf6 22. Qh1 Bd8 23. Qh3 Bb6 24. bxc6 bxc6 25. Bxb6 Nef4+ 26. gxf4 Nxf4+ 0-1


[Site "https://www.chess.com"]

[Event "Titled Tuesday Blitz March 15 Early 2022"]
[White "Butti, Enrique"]
[Black "Kanyamarala, Trisha"]
[WhiteFideId "3700470"]
[BlackFideId "45004722"]
[WhiteElo "2080"]
[BlackElo "2047"]
[Result "0-1"]
[Round "02"]
[TimeControl "180+1"]
[Date "2022.03.15"]
[WhiteClock "0:00:32"]
[BlackClock "0:00:05"]

1. d4 Nf6 2. Nf3 d5 3. c4 e6 4. e3 b6 5. Nc3 Bb7 6. b3 Bd6 7. Bd3 O-O 8. O-O Ne4 9. Bb2 Nd7 10. Rc1 a6 11. Qc2 f5 12. Ne2 Qf6 13. cxd5 exd5 14. g3 Rfe8 15. Ne5 Qe7 16. f3 Nef6 17. f4 Ne4 18. Bxe4 fxe4 19. Kg2 Rac8 20. Qd1 c5 21. g4 cxd4 22. exd4 Bxe5 23. fxe5 Qg5 24. Rxc8 Rxc8 25. Nf4 Nf8 26. h3 Ng6 27. Nxg6 hxg6 28. Bc1 Qe7 29. Be3 Qc7 30. Rf2 Rf8 31. Rxf8+ Kxf8 32. Qf1+ Kg8 33. Qf2 b5 34. b4 Qe7 35. g5 Qxb4 36. Qd2 Qxd2+ 37. Bxd2 Kf7 38. Bb4 Ke6 39. Kg3 Bc8 40. h4 Kf7 41. Kf4 Bh3 42. Bd6 Bf1 43. a3 a5 44. Bc7 b4 45. Bxa5 bxa3 46. Bc3 a2 47. Ke3 Ke6 48. Kf4 Bc4 49. Ba1 Bb3 50. Bc3 Kd7 51. Ba1 Ba4 52. Bc3 Ke6 53. Ba1 Bd7 54. Bc3 Ke7 55. Ba1 Kd8 56. Bc3 Kc7 57. Ba1 Kc6 58. Ke3 Kb5 59. Kd2 Kc4 60. Kc2 e3 61. Kd1 Kd3 62. Ke1 e2 63. Bb2 Bf5 64. Ba1 Bg4 65. Bb2 Kc2 66. Ba1 Kb1 0-1


[Site "https://www.chess.com"]

[Event "Titled Tuesday Blitz March 15 Early 2022"]
[White "Cavanah, Troy"]
[Black "Alinasab, Mobina"]
[WhiteFideId "30949670"]
[BlackFideId "12528897"]
[WhiteElo "1878"]
[BlackElo "2052"]
[Result "1-0"]
[Round "02"]
[TimeControl "180+1"]
[Date "2022.03.15"]
[WhiteClock "0:00:08"]
[BlackClock "0:00:04"]

1. e4 c5 2. Nf3 d6 3. d4 cxd4 4. Nxd4 Nf6 5. Nc3 a6 6. h3 e6 7. g4 Nfd7 8. g5 Be7 9. h4 Qc7 10. Bg2 Nc6 11. Be3 b5 12. a3 Bb7 13. h5 Nxd4 14. Qxd4 Ne5 15. Rh3 f6 16. h6 fxg5 17. hxg7 Rg8 18. Rxh7 Kf7 19. Qd1 Rxg7 20. Qh5+ Ng6 21. Bh3 Rg8 22. Bf5 exf5 23. exf5 Bf6 24. Qxg6+ Ke7 25. Bxg5 Rxh7 26. Qxh7+ Rg7 27. Bxf6+ Kxf6 28. Qh6+ Kxf5 29. O-O-O Rh7 30. Qf8+ Rf7 31. Qxd6 Qxd6 32. Rxd6 Ke5 33. Rb6 Bc8 34. Nd1 Kd5 35. Rh6 Be6 36. Ne3+ Ke5 37. Nd1 a5 38. b3 b4 39. Rh5+ Kd6 40. axb4 axb4 41. Rb5 Rf4 42. Kb2 Bd5 43. Ne3 Bc6 44. Nc4+ Kc7 45. Rxb4 Rxf2 46. Ne5 Bd5 47. Rd4 Rh2 48. Rxd5 Rh5 49. Rc5+ Kd6 50. b4 Rh4 51. Nd3 1-0


[Site "https://www.chess.com"]

[Event "Titled Tuesday Blitz March 15 Early 2022"]
[White "Chen, Qi b"]
[Black "Gubanov, Oleg"]
[WhiteFideId "8614733"]
[BlackFideId "14115115"]
[WhiteElo "2432"]
[BlackElo "2080"]
[Result "1-0"]
[Round "02"]
[TimeControl "180+1"]
[Date "2022.03.15"]
[WhiteClock "0:00:40"]
[BlackClock "0:00:23"]

1. Nf3 Nf6 2. g3 b5 3. Bg2 Bb7 4. O-O e6 5. d3 d5 6. a4 a6 7. Nbd2 Be7 8. Nb3 c5 9. c3 Nbd7 10. Re1 O-O 11. Qc2 c4 12. Nbd4 Qb6 13. axb5 axb5 14. Rxa8 Bxa8 15. Be3 Bc5 16. b4 cxb3 17. Qxb3 Ng4 18. Bh3 Nxe3 19. fxe3 b4 20. cxb4 Qxb4 21. Qxb4 Bxb4 22. Rb1 Bc5 23. Kf2 Nf6 24. Rb5 Bd6 25. Rb6 Bc7 26. Ra6 h6 27. Nb5 1-0


[Site "https://www.chess.com"]

[Event "Titled Tuesday Blitz March 15 Early 2022"]
[White "Chernomordik, Pavel"]
[Black "Donchenko, Alexander"]
[WhiteFideId "2804530"]
[BlackFideId "24603295"]
[WhiteElo "2249"]
[BlackElo "2539"]
[Result "1/2-1/2"]
[Round "02"]
[TimeControl "180+1"]
[Date "2022.03.15"]
[WhiteClock "0:01:16"]
[BlackClock "0:02:00"]

1. e4 Nf6 2. Nc3 e5 3. Nf3 Nc6 4. d4 exd4 5. Nxd4 Bb4 6. Nxc6 bxc6 7. Bd3 O-O 8. O-O d5 9. exd5 cxd5 10. h3 Rb8 11. Qf3 Be6 12. Ne2 c5 13. c3 Ba5 14. Nf4 Bc7 15. Re1 Qd6 16. g3 Bd7 17. b3 Bc6 18. Nh5 Nxh5 19. Qxh5 g6 20. Qh6 Qf6 21. Bg5 Qg7 22. Qxg7+ Kxg7 23. Be7 1/2-1/2


[Site "https://www.chess.com"]

[Event "Titled Tuesday Blitz March 15 Early 2022"]
[White "Coto Mederos, Michel"]
[Black "Fernandez, Daniel Howard"]
[WhiteFideId "3508528"]
[BlackFideId "5801605"]
[WhiteElo "2427"]
[BlackElo "2466"]
[Result "0-1"]
[Round "02"]
[TimeControl "180+1"]
[Date "2022.03.15"]
[WhiteClock "0:00:04"]
[BlackClock "0:00:17"]

1. c4 c5 2. Nf3 Nc6 3. Nc3 Nf6 4. e3 e5 5. d4 cxd4 6. exd4 e4 7. Ng5 Bb4 8. Be2 d5 9. O-O Bxc3 10. bxc3 h6 11. Nh3 Bxh3 12. gxh3 O-O 13. Kh1 Rc8 14. Rg1 Kh7 15. c5 b6 16. Be3 Ne7 17. Bg4 Nxg4 18. Qxg4 g6 19. h4 Nf5 20. h5 Qf6 21. Rab1 Rc6 22. Rb5 bxc5 23. dxc5 g5 24. Rd1 Rd8 25. c4 d4 26. Qxe4 Re6 27. Qc2 dxe3 28. Rxd8 e2 29. Rb1 e1=Q+ 30. Rxe1 Rxe1+ 31. Kg2 Qxd8 32. Qxf5+ Kg7 33. Qf3 Re6 34. Qc3+ Qf6 35. Qd3 Qe5 36. Qd2 Qxc5 37. Qc3+ Qe5 38. Qd3 Qe4+ 39. Qxe4 Rxe4 0-1


[Site "https://www.chess.com"]

[Event "Titled Tuesday Blitz March 15 Early 2022"]
[White "Cramling Bellon, Anna"]
[Black "Mekhitarian, Krikor Sevag"]
[WhiteFideId "32009232"]
[BlackFideId "2107660"]
[WhiteElo "1905"]
[BlackElo "2598"]
[Result "0-1"]
[Round "02"]
[TimeControl "180+1"]
[Date "2022.03.15"]
[WhiteClock "0:00:03"]
[BlackClock "0:00:53"]

1. d4 Nf6 2. c4 g6 3. Nc3 d5 4. cxd5 Nxd5 5. e4 Nxc3 6. bxc3 Bg7 7. Qa4+ c6 8. Nf3 O-O 9. Bg5 h6 10. Bh4 Nd7 11. Rd1 Re8 12. Be2 Qc7 13. O-O e5 14. d5 Nb6 15. Qa3 cxd5 16. exd5 Bd7 17. d6 Qc6 18. Nd2 e4 19. Nb3 Qxc3 20. Rc1 Qb2 21. Qxb2 Bxb2 22. Rc7 Be5 23. Rd1 f5 24. Rxb7 g5 25. Nc5 Rad8 26. Nxd7 Rxd7 27. Rxd7 Nxd7 28. Bc4+ Kg7 29. f4 gxh4 30. fxe5 Nxe5 31. Bb5 Rd8 32. d7 Kf6 33. Rd6+ Ke7 34. Rxh6 Nxd7 35. Rh7+ Kd6 36. Rxh4 Nf6 37. Rh6 Ke5 38. Kf2 Ng4+ 0-1


[Site "https://www.chess.com"]

[Event "Titled Tuesday Blitz March 15 Early 2022"]
[White "Deac, Bogdan-Daniel"]
[Black "Hambleton, Aman"]
[WhiteFideId "1226380"]
[BlackFideId "2606577"]
[WhiteElo "2646"]
[BlackElo "2552"]
[Result "1-0"]
[Round "02"]
[TimeControl "180+1"]
[Date "2022.03.15"]
[WhiteClock "0:00:49"]
[BlackClock "0:00:01"]

1. d4 Nf6 2. c4 e6 3. g3 c5 4. Nf3 cxd4 5. Nxd4 a6 6. Bg2 Be7 7. O-O Qc7 8. b3 O-O 9. Bb2 d6 10. Nc3 Ra7 11. Rc1 b6 12. e4 Nbd7 13. g4 h6 14. f4 Bb7 15. g5 hxg5 16. fxg5 Ne8 17. g6 Nef6 18. gxf7+ Kxf7 19. Qh5+ Kg8 20. Qh3 Rf7 21. Nxe6 Qc8 22. Ng5 Ne5 23. Qxc8+ Bxc8 24. Nxf7 Kxf7 25. Nd5 Nd3 26. Bxf6 Bxf6 27. Rcd1 Nc5 28. Nxf6 gxf6 29. Rxd6 Be6 30. e5 Ke7 31. Rxf6 a5 32. Bd5 1-0


[Site "https://www.chess.com"]

[Event "Titled Tuesday Blitz March 15 Early 2022"]
[White "Demchenko, Anton"]
[Black "Csonka, Balazs"]
[WhiteFideId "4160258"]
[BlackFideId "742910"]
[WhiteElo "2539"]
[BlackElo "2404"]
[Result "1-0"]
[Round "02"]
[TimeControl "180+1"]
[Date "2022.03.15"]
[WhiteClock "0:00:33"]
[BlackClock "0:00:01"]

1. e4 c6 2. d4 d5 3. e5 Bf5 4. Bd3 Bxd3 5. Qxd3 e6 6. Ne2 Qa5+ 7. c3 Qa6 8. Qd1 c5 9. O-O Nc6 10. Be3 cxd4 11. cxd4 Nge7 12. Ng3 Nc8 13. Nh5 N8e7 14. Nc3 Nf5 15. Qg4 O-O-O 16. Ng3 Nce7 17. Bg5 Rd7 18. a4 Kb8 19. Nb5 Nxg3 20. hxg3 Nf5 21. Qd1 h5 22. Rc1 Be7 23. Bxe7 Rxe7 24. Rc5 Qb6 25. b4 a6 26. a5 Qd8 27. Nc3 Rc7 28. Na4 f6 29. b5 fxe5 30. bxa6 exd4 31. Qb3 Qc8 32. Rfc1 Rxc5 33. Nxc5 1-0


[Site "https://www.chess.com"]

[Event "Titled Tuesday Blitz March 15 Early 2022"]
[White "Dubov, Daniil"]
[Black "Nagy, Gabor"]
[WhiteFideId "24126055"]
[BlackFideId "737119"]
[WhiteElo "2791"]
[BlackElo "2534"]
[Result "1-0"]
[Round "02"]
[TimeControl "180+1"]
[Date "2022.03.15"]
[WhiteClock "0:01:23"]
[BlackClock "0:01:34"]

1. d4 Nf6 2. Nf3 b6 3. c4 e6 4. g3 Bb7 5. Bg2 Bb4+ 6. Nbd2 O-O 7. O-O a5 8. Qc2 Bxd2 9. Bxd2 Be4 10. Qd1 d6 11. Bc3 Nbd7 12. Re1 Qe7 13. Bf1 e5 14. Nd2 exd4 15. Bxd4 Bb7 16. e4 Rfe8 17. f3 Rad8 18. Rc1 h6 19. Nb1 Ne5 20. Nc3 Qf8 21. b3 Nfd7 22. Nd5 Bxd5 23. cxd5 Nc5 24. a3 Re7 25. b4 axb4 26. axb4 Nb7 27. f4 Nd7 28. Rxc7 Nf6 29. Rxe7 Qxe7 30. Bxb6 Rb8 31. Bd4 Nxe4 32. Qg4 g6 33. Bd3 1-0


[Site "https://www.chess.com"]

[Event "Titled Tuesday Blitz March 15 Early 2022"]
[White "Farmani Anosheh, Armin"]
[Black "Wong, Yinn Long"]
[WhiteFideId "24613240"]
[BlackFideId "5707684"]
[WhiteElo "2289"]
[BlackElo "2055"]
[Result "0-1"]
[Round "02"]
[TimeControl "180+1"]
[Date "2022.03.15"]
[WhiteClock "0:00:12"]
[BlackClock "0:00:12"]

1. c4 Nf6 2. d4 e6 3. Nf3 b6 4. g3 Bb7 5. Bg2 g6 6. O-O Bg7 7. Nc3 Ne4 8. Nxe4 Bxe4 9. b3 O-O 10. Bb2 d6 11. Qd2 Nd7 12. Ne1 Bxg2 13. Nxg2 Qe7 14. e4 e5 15. Rae1 Rae8 16. f4 exd4 17. Bxd4 Bxd4+ 18. Qxd4 Qf6 19. e5 Qg7 20. Qd2 Re6 21. Ne3 f6 22. Nd5 fxe5 23. Nxc7 Ref6 24. Qd5+ Qf7 25. Qxf7+ R8xf7 26. Nd5 Re6 27. Rf2 Kg7 28. Rfe2 Nc5 29. fxe5 Nd3 30. Rf1 Nxe5 31. Rxf7+ Kxf7 32. Kg2 Re8 33. Nc7 Rc8 34. Nb5 Ke6 35. Nxa7 Rf8 36. Nb5 Kd7 37. Nd4 Rf6 38. h3 Rf8 39. Rd2 Ke7 40. Nb5 Rf6 41. Re2 Kd7 42. Nc3 Rf8 43. Nd5 Kc6 44. a4 h5 45. Ra2 Nd3 46. Rd2 Ne1+ 47. Kg1 Nf3+ 0-1


[Site "https://www.chess.com"]